 Dungeon Sprint DCSS version 0.29-a0-418-gc0181ea820 (webtiles) character file.

Game seed: 3513745243534569723

9730 HendSelp the Impaler (level 11, -12/147 HPs)
             Began as a Human Monk on May 18, 2022.
             Was an Initiate of Gozag.
             Mangled by a cherub
             ... wielding a +2 scimitar of flaming
              (21 damage)
             ... in the Dungeon (Sprint V: "Ziggurat Sprint").
             The game lasted 00:04:28 (1900 turns).

HendSelp the Impaler (Human Monk)                   Turns: 1900, Time: 00:04:29

Health: -12/147    AC: 28    Str: 27    XL:     11   Next: 79%
Magic:  0/11       EV: 10    Int: 15    God:    Gozag
Gold:   156        SH:  0    Dex: 16    Spells: 10/10 levels left

rFire   + . .      SeeInvis .   u - +13 scythe of Curses {drain, Drain}
rCold   + . .      Faith    .   (shield currently unavailable)
rNeg    + + .      Spirit   +   a - +5 gold dragon scales
rPois   +          Reflect  .   (no helmet)
rElec   .          Harm     .   (no cloak)
rCorr   .          Rampage  +   v - +4 pair of gloves of Proximity {Int+4}
Will    .....      NoTele   +   (no boots)
Stlth   ..........              C - amulet of the Swan {Spirit Rampage rN++}
HPRegen 0.34/turn               w - +6 ring of strength
MPRegen 0.12/turn               x - +6 ring of strength

@: mighty, berserking (expiring), gold aura, hasted, glowing, very quick
A: no striking features
a: Renounce Religion, Potion Petition, Call Merchant, Bribe Branch


You were in the Dungeon.
You worshipped Gozag.
Gozag was aware of your devotion.
You visited 1 branch You collected 3168 gold pieces.
You spent 896 gold pieces at shops.
You paid 2116 gold pieces to Gozag.

Inventory:

Hand Weapons
 u - the +13 scythe of Curses (weapon) {drain, Drain}
   (You found it in the Dungeon)

   A truly terrible weapon, it drains the life of any living foe it strikes.
   It inflicts powerful necromantic curses on any living foe it strikes.
   Drain:     It drains your maximum health when unequipped.
Missiles
 B - a throwing net (quivered)
Armour
 a - +5 gold dragon scales (worn)
 v - the +4 pair of gloves of Proximity (worn) {Int+4}
   (You found it in the Dungeon)

   Int:       It affects your intelligence (+4).
Jewellery
 w - a +6 ring of strength (left hand)
 x - a +6 ring of strength (right hand)
 C - the amulet of the Swan (around neck) {Spirit Rampage rN++}
   (You found it in the Dungeon)

   [amulet of guardian spirit]

   It causes incoming damage to be divided between your reserves of health and
   magic.
   rN:        It greatly protects you from negative energy.
   Rampage:   It bestows one free step when moving towards enemies.
Wands
 m - a wand of mindburst (7)
 s - a wand of iceblast (7)
 t - a wand of acid (7)
Scrolls
 b - 4 scrolls of enchant weapon
 i - 3 scrolls of blinking
 o - 4 scrolls of amnesia
 p - 7 scrolls of fog
 q - 5 scrolls of identify
 r - a scroll of fear
Potions
 c - a potion of ambrosia
 d - 10 potions of curing
 e - 2 potions of heal wounds
 f - 9 potions of haste
 g - 7 potions of magic
 h - 2 potions of berserk rage
 j - 2 potions of brilliance
 k - 2 potions of invisibility
 l - 4 potions of resistance
 n - 4 potions of might
Miscellaneous
 y - a condenser vane
 z - a tin of tremorstones (2/2)
 A - a phantom mirror


   Skills:
 * Level 13.5 Fighting
 * Level 20.6 Polearms
 * Level 11.5 Armour
 * Level 11.8 Dodging
 - Level 2.0 Stealth


You had 10 spell levels left.
You didn't know any spells.
Your spell library contained the following spells:

 Spells                   Type           Power      Damage    Failure   Level
 Passwall                 Tmut/Erth      0%         N/A       100%        2
 Searing Ray              Conj           0%         2d4       100%        2
 Wereblood                Tmut           0%         N/A       100%        2
 Tukima's Dance           Hex            0%         N/A       100%        3
 Anguish                  Hex/Necr       0%         N/A       100%        4
 Cause Fear               Hex            0%         N/A       100%        4
 Passage of Golubria      Tloc           0%         N/A       100%        4
 Sticky Flame             Conj/Fire      0%         2d3       100%        4
 Silence                  Hex/Air        0%         N/A       100%        5
 Yara's Violent Unravell  Hex/Tmut       0%         3d3       100%        5
 Dragon Form              Tmut           0%         N/A       100%        7
 Enfeeble                 Hex            0%         N/A       100%        7
 Orb of Destruction       Conj           0%         9d5       100%        7
 Lehudib's Crystal Spear  Conj/Erth      0%         10d2      100%        8
 Chain Lightning          Conj/Air       0%         N/A       100%        9
 Dragon's Call            Summ           0%         N/A       100%        9


Dungeon Overview and Level Annotations

Branches:
Dungeon (1/1)

Altars:
Ashenzari
Cheibriados
Dithmenos
Elyvilon
Fedhas
Gozag
Hepliaklqana
Kikubaaqudgha
Makhleb
Nemelex Xobeh
Okawaru
Qazlal
Ru
Sif Muna
Trog
Uskayaw
Vehumet
Wu Jian
Xom
Yredelemnul
Zin
The Shining One
Beogh
Jiyva
Lugonu

Shops:
D (([


Message History

The ophan calls forth blessed flames!
Blessed fire suddenly surrounds you!
The cherub shoots an arrow.
The arrow hits you!
* * * LOW HITPOINT WARNING * * *
You slice the daeva!!
You kill the daeva!
The angel closely misses you. The angel completely misses you.
The cherub sings a powerful hymn!
The cherub goes into a battle-frenzy!
Your phantom mirror has recharged.
Your condenser vane has recharged.
Unknown command.
Unknown command.
Unknown command.
You hit the angel but do no damage.
The angel no longer looks unusually strong.
The angel barely misses you. The angel hits you but does no damage.
The apis is distracted by your dazzling golden aura.
The cherub sings a powerful hymn!
The angel goes into a battle-frenzy!
Unknown command.
You slice the angel like a ripe choko!!!
The angel is heavily wounded.
The ophan no longer looks unusually strong.
The angel hits you but does no damage. x2; The angel barely misses you.
The angel hits you but does no damage.
Unknown command.
Unknown command.
You hit the angel but do no damage.
The angel is heavily wounded.
The cherub sings a powerful hymn!
The ophan goes into a battle-frenzy!
The angel misses you. The angel hits you but does no damage.
Unknown command.
Unknown command.
Unknown command.
You hit the angel.
The angel is heavily wounded.
The cherub hits you with a +2 scimitar of flaming!!
You die...
Your body crumbles into a pile of gold.

▓..}=[)[..▓.
▓..:☼|§○°.▓..=J!=}..▓.
▓..$°§○§○.▓..JJJJ...▓.
▓..§○○°...▓...JJ....▓.
▓.§○☼☼°...▓...JJ....▓.
▓.§§☼☼○...▓....J....▓.
▓....A....▓....§....▓.
▓.▓.AGY.▓.▓.▓.....▓.▓.
▓...A@$...▓....©....▓▓
▓▓▓▓▓▓▓▓▓▓▓▓▓▓▓▓▓▓▓▓▓


You could see an apis, an angel (strong), an ophan (strong) and 2 cherubim.

Vanquished Creatures
  A daeva (D)
  A rakshasa (D)
  A wretched star (D)
  4 draconians (D)
  An ancient zyme (D)
  6 merfolk (D)
  2 hornets (D)
  A tarantella (D)
  5 spriggans (D)
  2 redbacks (D)
  2 black bears (D)
  2 centaurs (D)
  2 wolves (D)
  A phantom (D)
  A small abomination (D)
  10 scorpions (D)
  A crimson imp (D)
  3 iron imps (D)
  2 white imps (D)
  An ufetubus (D)
  A bat skeleton (D)
  2 ball python skeletons (D)
  2 ball python zombies (D)
  A quokka zombie (D)
55 creatures vanquished.

Vanquished Creatures (collateral kills)
  An ophan (D)
  A wolf spider (D)
  A jumping spider (D)
3 creatures vanquished.

Grand Total: 58 creatures vanquished

Notes
Turn   | Place    | Note
-------+----------+-------------------------------------------
     0 | D        | HendSelp the Human Monk began the quest for the Orb.
     0 | D        | Reached XP level 1. HP: 18/18 MP: 1/1
     0 | D        | Found a shimmering blue altar of Sif Muna.
     0 | D        | Found a sacrificial altar of Ru.
     0 | D        | Found a bloodstained altar of Trog.
     0 | D        | Found a stormy altar of Qazlal.
     0 | D        | Found an iron altar of Okawaru.
     0 | D        | Found a sparkling altar of Nemelex Xobeh.
     0 | D        | Found a blossoming altar of Fedhas.
     0 | D        | Found the +6 Majin-Bo {vamp, MP+6 Int+6}
     0 | D        | Found the +9 heavy crossbow "Sniper" {vorpal, Acc+∞ SInv}
     0 | D        | Found the +10 dark maul {vorpal}
     0 | D        | Found the +15 Maxwell's patent armour {-Cast -Tele rElec
                  | Will+ rCorr}
     0 | D        | Found the +18 shield of the Gong {rElec rN+ Will+ EV-5}
     0 | D        | Found the +14 obsidian axe {vorpal, Mesm Drain Fly SInv}
     0 | D        | Found the +7 great mace "Firestarter" {inner flame, rF++}
     0 | D        | Found the +6 shillelagh "Devastator" {shatter}
     0 | D        | Found the +11 plutonium sword {Contam Stlth-}
     0 | D        | Found the +8 lance "Wyrmbane" {slay drac, rPois rF+ rC+
                  | AC+3}
     0 | D        | Found the +9 sword of Zonguldrok {reap}
     0 | D        | Found the +13 scythe of Curses {drain, Drain}
     0 | D        | Found the +5 sword of Power {vorpal}
     0 | D        | Found the +7 mace of Variability {chain chaos}
     0 | D        | Found the +7 Singing Sword {vorpal, sonic wave}
     0 | D        | Found the +8 storm bow {elec, penet}
     2 | D        | Found a transporter.
     2 | D        | Found an ancient bone altar of Kikubaaqudgha.
     2 | D        | Found a viscous altar of Jiyva.
     2 | D        | Found a corrupted altar of Lugonu.
     2 | D        | Found a hazy altar of Hepliaklqana.
     2 | D        | Found a burning altar of Makhleb.
     2 | D        | Found an opulent altar of Gozag.
     4 | D        | Reached skill level 8 in Polearms
     4 | D        | Reached XP level 2. HP: 24/24 MP: 2/2
   102 | D        | Became a worshipper of Gozag Ym Sagoz the Greedy
   129 | D        | Entered arena 2.
   129 | D        | Found a transporter.
   139 | D        | Entered arena 3.
   139 | D        | Noticed a scorpion
   139 | D        | Noticed a scorpion
   139 | D        | Noticed a scorpion
   139 | D        | Found a transporter.
   141 | D        | Killed a scorpion
   142 | D        | Reached skill level 1 in Armour
   142 | D        | Reached XP level 3. HP: 31/31 MP: 3/3
   142 | D        | Reached XP level 4. HP: 38/38 MP: 4/4
   144 | D        | Killed a scorpion
   145 | D        | Reached skill level 5 in Fighting
   145 | D        | Reached skill level 9 in Polearms
   145 | D        | Reached skill level 5 in Dodging
   145 | D        | Reached XP level 5. HP: 44/44 MP: 5/5
   159 | D        | Entered arena 4.
   159 | D        | Noticed a draconian
   159 | D        | Noticed a draconian
   159 | D        | Noticed a draconian
   159 | D        | Noticed a draconian
   159 | D        | Found a transporter.
   170 | D        | Killed a draconian
   171 | D        | Reached skill level 11 in Polearms
   171 | D        | Reached XP level 6. HP: 50/56 MP: 6/6
   171 | D        | Reached XP level 7. HP: 55/61 MP: 7/7
   179 | D        | Killed a draconian
   180 | D        | Reached skill level 12 in Polearms
   180 | D        | Reached skill level 5 in Armour
   180 | D        | Reached XP level 8. HP: 11/69 MP: 8/8
   188 | D        | Killed a draconian
   189 | D        | Reached skill level 13 in Polearms
   194 | D        | Killed a draconian
   195 | D        | Reached skill level 10 in Fighting
   195 | D        | Reached XP level 9. HP: 19/78 MP: 9/9
   468 | D        | Entered arena 5.
   468 | D        | Noticed a rakshasa
   468 | D        | Found a transporter.
   479 | D        | Killed a rakshasa
   480 | D        | Reached skill level 15 in Polearms
   482 | D        | Reached skill level 10 in Dodging
   752 | D        | Entered arena 6.
   752 | D        | Noticed a tarantella
   752 | D        | Found a transporter.
   755 | D        | Killed a tarantella
   756 | D        | Reached skill level 16 in Polearms
   763 | D        | Reached XP level 10. HP: 66/87 MP: 10/10
   777 | D        | Got the +4 pair of gloves of Proximity {Int+4}
   790 | D        | Entered arena 7.
   790 | D        | Noticed a wretched star
   791 | D        | Found a transporter.
   798 | D        | Killed a wretched star
   799 | D        | Reached skill level 17 in Polearms
  1196 | D        | Entered arena 8.
  1197 | D        | Found a transporter.
  1226 | D        | Entered arena 9.
  1226 | D        | Noticed a wolf spider
  1227 | D        | Found a transporter.
  1235 | D        | Reached skill level 18 in Polearms
  1241 | D        | Killed a wolf spider
  1489 | D        | Entered arena 10.
  1490 | D        | Found a transporter.
  1499 | D        | Reached XP level 11. HP: 46/96 MP: 11/11
  1500 | D        | Reached skill level 19 in Polearms
  1500 | D        | Reached skill level 10 in Armour
  1699 | D        | Got An Early Guide to Theurgy
  1703 | D        | Got the amulet of the Swan {Spirit Rampage rN++}
  1721 | D        | Entered arena 11.
  1721 | D        | Noticed a spriggan rider
  1721 | D        | Noticed a spriggan rider
  1722 | D        | Found a transporter.
  1732 | D        | Killed a spriggan rider
  1735 | D        | Reached skill level 20 in Polearms
  1863 | D        | Got Iskenderun's Disquisition on Attacks
  1869 | D        | Bought a smouldering plate armour for 896 gold pieces
  1869 | D        | Identified the +8 plate armour of Insecurity {+Inv rN+
                  | Str+2 Stlth-} (You bought it in a shop in the Dungeon)
  1873 | D        | Entered arena 12.
  1873 | D        | Noticed a rockslime
  1873 | D        | Noticed a rockslime
  1874 | D        | Noticed a rockslime
  1874 | D        | Noticed a rockslime
  1874 | D        | Noticed an acid blob
  1874 | D        | Noticed an azure jelly
  1875 | D        | Found a transporter.
  1878 | D        | Entered arena 13.
  1878 | D        | Noticed a daeva
  1878 | D        | Noticed an apis
  1878 | D        | Noticed an ophan
  1878 | D        | Noticed a cherub
  1878 | D        | Noticed a cherub
  1879 | D        | Noticed an ophan
  1881 | D        | Noticed an angel
  1887 | D        | Killed an ophan
  1895 | D        | HP: 7/147 [cherub/arrow (7)]
  1896 | D        | Killed a daeva
  1900 | D        | Mangled by a cherub

Illustrated notes

Levels and vault maps discovered:
D:        sprint_v [room_start, room_1, room_2, room_3, room_4, room_5, room_6,
          room_7, room_8, room_9, room_10, room_11, room_12, room_13, room_14,
          room_15, room_16, room_17, room_18, room_19, room_20, room_21,
          room_22, room_23, room_24, room_25, room_26, room_27]

Skill      XL: |  1  2  3  4  5  6  7  8  9 10 11 |
---------------+----------------------------------+-----
Polearms       | 8 9 11 12 13 16 18 20 | 20.6
Fighting       | 4 5 7 8 10 11 12 13 | 13.5
Armour         | 1 2 4 5 6 7 9 11 | 11.5
Dodging        | 4 5 7 8 9 10 11 | 11.8
Stealth        | |  2.0

Action                   |  1- 3 |  4- 6 |  7- 9 | 10-12 || total
-------------------------+-------+-------+-------+-------++-------
Melee: Scythe            |     3 |    12 |    40 |    68 ||   123
Invok: Call Merchant     |       |       |       |     3 ||     3
Evoke: Condenser vane    |       |       |       |     4 ||     4
       Phantom mirror    |       |       |       |     1 ||     1
  Use: Potion            |     1 |     1 |     4 |     6 ||    12
       Scroll            |       |     1 |       |     1 ||     2
 Stab: Confused          |       |       |       |     3 ||     3
Armor: Gold dragon scale |     2 |    14 |    47 |    88 ||   151
Dodge: Dodged            |       |     6 |    37 |    70 ||   113

Table legend: (Time is in decaauts)
 A = Elapsed time spent in this place.
 B = Non-inter-level travel time spent in this place.
 C = Inter-level travel time spent in this place.
 D = Time resting spent in this place.
 E = Time spent auto-exploring this place.
 F = Levels seen in this place.
 G = Mean time per level.
                   A        B        C        D        E       F      G
               +--------+--------+--------+--------+--------+-----+--------+
         Total |   1918 |   1918 |      0 |    389 |   1067 |   1 | 1918.0 |
       Dungeon |   1918 |   1918 |      0 |    389 |   1067 |   1 | 1918.0 |
               +--------+--------+--------+--------+--------+-----+--------+

Top non-repeatable levels by time:
       D: 1918 daAuts
